[Event "Live Chess"]
[Site "Chess.com"]
[Date "2024.06.01"]
[Round "-"]
[White "GwaryTek"]
[Black "LL220284LL"]
[Result "0-1"]
[WhiteElo "1903"]
[BlackElo "2514"]
[TimeControl "300"]
[EndTime "15:57:23 PDT"]
[Termination "LL220284LL won by checkmate"]

1. d4 c6 2. c4 g6 3. Nc3 Bg7 4. e4 d6 5. f3 Nd7 6. Be3 Ngf6 7. Bd3 e5 8. d5 c5 9. Nge2 O-O 10. Qd2 a6 11. a4 Nh5 12. O-O f5 13. exf5 gxf5 14.
f4 e4 15. Bc2 Qe8 16. Kh1 Ndf6 17. h3 Qg6 18. Qe1 Kh8 19. a5 Bd7 20. Ba4 Bxa4 21.
Nxa4 Rg8 22. Ra3 Nd7 23. b4 cxb4 24. Qxb4 Bc3 25. Qxc3+ Nhf6 26. Rg1 Rac8 27. Bd4 h6 28. Nb6 Nxb6 29. Bxf6+ Kh7 30. axb6 Rce8 31. Bh4 Qh5 32.
Bg3 Qxe2 33. Bh2 e3 34. Re1 Qxg2# 0-1

[Event "Live Chess"]
[Site "Chess.com"]
[Date "2024.06.01"]
[Round "-"]
[White "ShanthamGrarks"]
[Black "upoe610"]
[Result "0-1"]
[WhiteElo "1786"]
[BlackElo "2198"]
[TimeControl "300"]
[EndTime "15:57:33 PDT"]
[Termination "upoe610 won by resignation"]

1. d4 Nf6 2. Nc3 d5 3. e4 dxe4 4. f3 c5 5. d5 e6 6. fxe4 exd5 7. e5 Qe7 8. Nf3 d4 9. Nb5 Ng4 10. Nd6+ Kd8 11. Bf4 Nxe5 12. Bxe5 f6 13. Nxc8 Kxc8 14. Be2 fxe5 15. O-O Nc6 16. Nd2 Kc7 17. Nc4 g6 18.
Bf3 Bg7 19. Qd3 Rhf8 20. Rae1 Rae8 21. Qe4 Rf4 22. Qd5 Rd8 23. Nd6 Qxd6 24. Qc4 d3 25.
c3 Rxc4 0-1

[Event "Live Chess"]
[Site "Chess.com"]
[Date "2024.06.01"]
[Round "-"]
[White "toog"]
[Black "OurKnightAtTheOpera"]
[Result "1-0"]
[WhiteElo "2600"]
[BlackElo "1985"]
[TimeControl "300"]
[EndTime "15:57:54 PDT"]
[Termination "toog won by resignation"]

1. Nf3 d5 2. e3 Nf6 3. c4 e6 4. b3 Be7 5. Bb2 O-O 6. Nc3 c5 7.
cxd5 exd5 8. d4 cxd4 9. Nxd4 Nc6 10. Bb5 a6 11. Bxc6 bxc6 12. Nxc6 Qc7 13. Nxe7+ Qxe7 14. O-O Be6 15. Ne2 Rac8 16. Nf4 Rfd8 17. Qd4 Qc5 18. Rac1 Qxd4 19. Bxd4 Ne4 20. f3 Nd6 21. Kf2 Nb5 22.
Bb2 Bf5 23. a4 Nc7 24. Be5 Ne6 25. Rxc8 Rxc8 26. Nxd5 Rc2+ 27. Kg3 Bg6 28. Ne7+ Kh8 29.
Nxg6+ hxg6 30. Rf2 Rc1 31. Rb2 f6 32. Bd4 Rd1 33. b4 Nxd4 34. exd4 Rxd4 35. b5 axb5 36.
axb5 Rd7 37. b6 Rb7 38. Kf4 Kg8 39. Ke4 Kf8 40. Kd5 Ke8 41. Kc6 1-0

[Event "Live Chess"]
[Site "Chess.com"]
[Date "2024.06.01"]
[Round "-"]
[White "grillage"]
[Black "jk0110"]
[Result "1-0"]
[WhiteElo "1870"]
[BlackElo "1230"]
[TimeControl "300"]
[EndTime "15:57:55 PDT"]
[Termination "grillage won by resignation"]

1. d4 Nf6 2. Nf3 d5 3. c4 Bf5 4. Nc3 e6 5. cxd5 Nxd5 6. Qb3 Nb6 7. e4 Bg6 8. Bd3 Nc6 9. Be3 a6 10. O-O Na5 11. Qc2 Bb4 12. a3 Bxc3 13. bxc3 O-O 14.
Ne5 Qf6 15. Nxg6 fxg6 16. e5 Qf7 17. Rab1 Nac4 18. Bxc4 Nxc4 19. Rxb7 Nxa3 20. Qb3 Nb5 21. c4 Na7 22. Rb1 Nc6 23. Qa4 Ne7 24. Rxc7 Qf5 25.
Rbb7 Rab8 26. h3 Rxb7 27. Rxb7 Qd3 28. Rxe7 Qd1+ 29. Qxd1 1-0

[Event "Live Chess"]
[Site "Chess.com"]
[Date "2024.06.01"]
[Round "-"]
[White "viktor_forever1994"]
[Black "IgorSchukin"]
[Result "0-1"]
[WhiteElo "1370"]
[BlackElo "1715"]
[TimeControl "300"]
[EndTime "15:57:58 PDT"]
[Termination "IgorSchukin won by checkmate"]

1. e4 c5 2. Nf3 e6 3. d4 cxd4 4.
Nxd4 Nc6 5. Nc3 Qc7 6. Bb5 a6 7. Ba4 b5 8. Bb3 Bb7 9. O-O Nf6 10. Bg5 Be7 11. Re1 h6 12. Be3 d6 13. h3 O-O 14.
Qd2 Nxd4 15. Bxd4 Rac8 16. Rad1 Rfd8 17. Qe3 Re8 18. e5 dxe5 19. Bxe5 Qc6 20. Bxf6 Qxg2# 0-1

[Event "Live Chess"]
[Site "Chess.com"]
[Date "2024.06.01"]
[Round "-"]
[White "Rusty_Bridges"]
[Black "AlexanderMatlak"]
[Result "0-1"]
[WhiteElo "1512"]
[BlackElo "2401"]
[TimeControl "300"]
[EndTime "15:58:02 PDT"]
[Termination "AlexanderMatlak won by resignation"]

1. e4 c5 2. Be2 Nc6 3. f4 g6 4.
Nf3 Bg7 5. O-O e6 6. d3 Nge7 7.
Be3 d6 8. Nbd2 Bxb2 9. Rb1 Bg7 10. Nc4 O-O 11. e5 dxe5 12. fxe5 b6 13. Nd6 Nxe5 14.
Nxc8 Nxf3+ 15. Bxf3 Rxc8 16. Qd2 Bd4 17. Bxd4 Qxd4+ 18. Kh1 Nf5 19. Rbe1 Rfd8 20. Re4 Qd6 21. Qg5 c4 22. dxc4 Qe7 23. Qg4 Nd6 24. Rd4 e5 25.
Re1 Qf6 26. Rdd1 Nxc4 27. h4 h5 28. Qg3 Rxd1 29. Rxd1 Ne3 30. Re1 Nf5 31. Qh3 Rxc2 0-1

[Event "Live Chess"]
[Site "Chess.com"]
[Date "2024.06.01"]
[Round "-"]
[White "StoreySniper"]
[Black "wadsy27"]
[Result "0-1"]
[WhiteElo "2534"]
[BlackElo "2564"]
[TimeControl "300"]
[EndTime "15:58:07 PDT"]
[Termination "wadsy27 won by resignation"]

1. e4 c5 2. Nf3 e6 3. c4 Nc6 4. d4 cxd4 5. Nxd4 Nf6 6. Nc3 Bb4 7.
Nxc6 bxc6 8. Bd3 e5 9. O-O O-O 10. Na4 d5 11. Bg5 dxe4 12. Bxf6 Qxf6 13. Bxe4 Rd8 14. Qf3 Qxf3 15. Bxf3 Be6 16. Rfc1 Rac8 17. a3 Be7 18. b4 f5 19. Be2 Rd2 20. Bf1 e4 21. Rd1 Rcd8 22. Rxd2 Rxd2 23. g3 Bf6 24.
Re1 Bd4 25. Re2 Rd1 26. Rc2 f4 27. g4 Bxg4 28. Nc3 Bxc3 29. Rxc3 Be2 0-1

[Event "Live Chess"]
[Site "Chess.com"]
[Date "2024.06.01"]
[Round "-"]
[White "RichardABates"]
[Black "RapidMaster109"]
[Result "1-0"]
[WhiteElo "2303"]
[BlackElo "1141"]
[TimeControl "300"]
[EndTime "15:58:09 PDT"]
[Termination "RichardABates won by resignation"]

1. d4 Nf6 2. Nf3 e6 3. c4 d5 4.
g3 c6 5. Bg2 Bd7 6. O-O Be7 7.
Nc3 dxc4 8. e4 b5 9. e5 Ng8 10. a4 Bb4 11. axb5 cxb5 12. Ng5 a6 13. Bxa8 1-0

[Event "Live Chess"]
[Site "Chess.com"]
[Date "2024.06.01"]
[Round "-"]
[White "GEMdzq"]
[Black "NAZRIZ1977"]
[Result "0-1"]
[WhiteElo "2290"]
[BlackElo "2175"]
[TimeControl "300"]
[EndTime "15:58:37 PDT"]
[Termination "NAZRIZ1977 won by resignation"]

1. e4 c5 2. d4 cxd4 3. c3 Nf6 4. e5 Nd5 5. Qxd4 Nb6 6. Nf3 Nc6 7. Qe4 g6 8. c4 Bg7 9. Nc3 O-O 10. h4 d6 11. exd6 exd6 12. Be2 Re8 13. Qf4 Nb4 14. O-O Nc2 15. Rb1 Bxc3 16. bxc3 Rxe2 17. Ng5 Qe7 18. h5 Bf5 19. hxg6 Bxg6 20. Rb2 Re8 21. Be3 Nxe3 22.
Rxe2 Nbxc4 23. fxe3 Bd3 24. Nxh7 f5 25. Rd2 Bxf1 26.
Rf2 Nxe3 27. Ng5 Kg7 28. Qg3 Ng4 29. Rxf5 Qe3+ 30. Qxe3 Nxe3 31. Ra5 Ba6 32. Nf3 Nc4 33. Rg5+ Kf6 34. Kf2 Nd2 35. Rh5 Nxf3 36. gxf3 Rc8 0-1

[Event "Live Chess"]
[Site "Chess.com"]
[Date "2024.06.01"]
[Round "-"]
[White "TheSmoulderingMaster"]
[Black "katoma"]
[Result "0-1"]
[WhiteElo "1723"]
[BlackElo "2036"]
[TimeControl "300"]
[EndTime "15:58:39 PDT"]
[Termination "katoma won by resignation"]

1. e4 c5 2. Nf3 Nc6 3. d4 cxd4 4. Nxd4 g6 5. Nc3 Bg7 6. Be3 Nf6 7. f3 Qa5 8. Nb3 Qd8 9. Qd2 a5 10. a4 d6 11.
O-O-O Be6 12. g4 h5 13. Rg1 hxg4 14. fxg4 Nxg4 15. Be2 Nxe3 16. Qxe3 Bh6 17. Rg5 f6 18. Qg3 Bxg5+ 19. Kb1 Ne5 20. Bb5+ Kf7 21. Nd5 Rh3 22. Qg2 Qh8 23. Rf1 Qh4 24. Qf2 Qxe4 25. Nc3 Rxc3 26.
bxc3 Bxb3 27. Bd3 Nxd3 28. cxd3 Qxd3+ 29. Kb2 Bxa4 30. Re1 Rc8 0-1

[Event "Live Chess"]
[Site "Chess.com"]
[Date "2024.06.01"]
[Round "-"]
[White "Duke_of_Bebington"]
[Black "hapehansen"]
[Result "1-0"]
[WhiteElo "1654"]
[BlackElo "2243"]
[TimeControl "300"]
[EndTime "15:58:47 PDT"]
[Termination "Duke_of_Bebington won by checkmate"]

1. e4 d5 2. exd5 Qxd5 3. Nf3 Bg4 4. Be2 Nc6 5. O-O O-O-O 6. d3 e5 7. Be3 f6 8. Nc3 Qd7 9. h3 Be6 10. Kh2 Nge7 11.
Ne4 Nd5 12. Bc5 g5 13. Bxf8 Rdxf8 14. Nc5 Qd6 15. Nxe6 Qxe6 16. Re1 Kb8 17. Nd2 Nf4 18.
Bf3 h5 19. Ne4 g4 20. Be2 f5 21. Ng5 Qe7 22. h4 Nd4 23. Bf1 Nfe6 24. c3 Nxg5 25. cxd4 Nf3+ 26. gxf3 Qxh4+ 27. Kg1 gxf3 28. Qxf3 Rhg8+ 29. Bg2 Rg7 30. Qxb7# 1-0

[Event "Live Chess"]
[Site "Chess.com"]
[Date "2024.06.01"]
[Round "-"]
[White "oscalik"]
[Black "MagnersCarlsberg2870"]
[Result "1-0"]
[WhiteElo "2293"]
[BlackElo "1762"]
[TimeControl "300"]
[EndTime "15:59:10 PDT"]
[Termination "oscalik won by checkmate"]

1. e4 d5 2. exd5 Nf6 3. d4 Qxd5 4. Nc3 Qa5 5. Bd2 Qb6 6. Nf3 Nc6 7. d5 Nd4 8. Nxd4 Qxd4 9. Bb5+ Bd7 10. Be3 Qh4 11.
O-O Ng4 12. Bf4 c6 13. dxc6 bxc6 14. Nd5 O-O-O 15. Ba6# 1-0

[Event "Live Chess"]
[Site "Chess.com"]
[Date "2024.06.01"]
[Round "-"]
[White "TedUdale"]
[Black "Yegorych"]
[Result "1-0"]
[WhiteElo "2109"]
[BlackElo "1574"]
[TimeControl "300"]
[EndTime "15:59:12 PDT"]
[Termination "TedUdale won by resignation"]

1. e4 c5 2. c3 e6 3. Nf3 d5 4.
exd5 Qxd5 5. d4 Nf6 6. Be2 Nc6 7.
dxc5 Qxd1+ 8. Bxd1 Bxc5 9. O-O O-O 10. Bf4 b6 11. Ba4 Bb7 12. Nbd2 Rfd8 13. Rad1 h6 14. Nb3 Be7 15. h3 Nd5 16. Bg3 Bd6 17. Nbd4 Nxd4 18.
Nxd4 Bxg3 19. fxg3 Ne3 20. Nf3 Rxd1 21. Bxd1 Nxd1 22.
Rxd1 Kf8 23. Kf2 Ke7 24. Ne5 f6 25. Rd7+ Kf8 26. Ng6+ Kg8 27. Rxb7 Kh7 28. Nf4 e5 29. Nd5 Kg6 30. g4 1-0

[Event "Live Chess"]
[Site "Chess.com"]
[Date "2024.06.01"]
[Round "-"]
[White "CarmelJane"]
[Black "Crowded_House"]
[Result "0-1"]
[WhiteElo "2074"]
[BlackElo "1742"]
[TimeControl "300"]
[EndTime "15:59:25 PDT"]
[Termination "Crowded_House won by resignation"]

1. Nf3 e6 2. c4 d5 3. cxd5 exd5 4. d4 Bd6 5. Nc3 c6 6. e3 Ne7 7. Bd3 h6 8. a3 Bf5 9. Bxf5 Nxf5 10. Qd3 Ne7 11.
O-O O-O 12. b4 a6 13. Rb1 Nd7 14. a4 b5 15. a5 Re8 16. Ne2 Qc7 17. Ng3 Nf6 18.
Bd2 Ng6 19. Rbc1 Bxg3 20. hxg3 Qd6 21. Rc2 Rac8 22. Rfc1 Re6 23. Rc3 Ne4 24. R3c2 Nxd2 25. Nxd2 Ne7 26. Nb3 Qxb4 27. Nc5 Rd6 28. Nxa6 Qxa5 29.
Nc5 Rc7 30. Nb3 Qb6 31. Ra1 Ra7 32. Rca2 Rdd7 33. Nc5 Rxa2 34. Rxa2 Ra7 35. Qe2 Ra5 36. Rxa5 Qxa5 37. e4 Qa1+ 38. Kh2 Qxd4 39. Nb7 Qxe4 40.
Qh5 Qg6 41. Qd1 Qg5 42. Nc5 g6 43. Qe1 Qh5+ 44. Kg1 Qg5 45. Nd7 Kg7 46. f4 Qf5 47. Qxe7 Qb1+ 48. Kh2 Qf5 49. Ne5 Qh5+ 50. Kg1 Qd1+ 51.
Kh2 Qh5+ 52. Qh4 Qxh4+ 53. gxh4 c5 54. Nd3 c4 55. Nb4 d4 56. Kg1 d3 57. Na2 d2 58. Nc3 b4 0-1

[Event "Live Chess"]
[Site "Chess.com"]
[Date "2024.06.01"]
[Round "-"]
[White "NebodarMatevich"]
[Black "MaksymYurii"]
[Result "0-1"]
[WhiteElo "1564"]
[BlackElo "953"]
[TimeControl "300"]
[EndTime "15:59:33 PDT"]
[Termination "MaksymYurii won by checkmate"]

1. e4 e5 2. d4 exd4 3. Qxd4 Nc6 4. Qe3 Nf6 5. Nc3 Bb4 6. Bd2 O-O 7. O-O-O Ng4 8.
Qg3 d6 9. h3 Nge5 10. f4 Nc4 11.
Be1 Nxb2 12. Kxb2 Qf6 13. a3 Bxa3+ 14. Kxa3 b5 15. Bxb5 Nd4 16. Bd3 Rb8 17. e5 dxe5 18.
fxe5 Qc6 19. Nge2 Qc5+ 20. Ka2 Qa5+ 21. Na4 Qxa4# 0-1

[Event "Live Chess"]
[Site "Chess.com"]
[Date "2024.06.01"]
[Round "-"]
[White "nigelst"]
[Black "jimwad"]
[Result "1-0"]
[WhiteElo "1700"]
[BlackElo "1306"]
[TimeControl "300"]
[EndTime "15:59:57 PDT"]
[Termination "nigelst won on time"]

1. e4 e5 2. Nf3 Nc6 3. Bb5 Nf6 4.
O-O Bd6 5. Re1 O-O 6. d4 Nxd4 7. Nxd4 exd4 8. e5 Bb4 9. c3 dxc3 10. Nxc3 Ne8 11.
Qg4 Bxc3 12. bxc3 c6 13. Bd3 d5 14. Qh5 g6 15. Qe2 Ng7 16. f4 Bf5 17. g4 Bxd3 18. Qxd3 Qh4 19. Qe2 Rae8 20. Be3 a6 21. Qf3 Ne6 22. Bf2 Qh6 23. Bg3 Nc5 24. f5 Ne4 25. c4 Nxg3 26. Qxg3 Qd2 27. Rad1 Qxa2 28. cxd5 cxd5 29.
f6 Qa5 30. Qf4 Qb6+ 31. Kh1 Re6 32. Qh6 Rxf6 33. exf6 Qxf6 34. Rf1 Qc6 35. Kg1 Qb6+ 36. Kg2 Qb2+ 37. Qd2 Qe5 38. Qxd5 Qb2+ 39. Rd2 Qb6 40. Rdf2 Qc7 41. h4 Qe7 42. h5 Qh4 43. Qf3 Qe7 44. h6 b5 45. Qc3 Qb7+ 46. Rf3 f6 47. Kh3 Rf7 48. Rxf6 Rxf6 49. Qxf6 1-0

[Event "Live Chess"]
[Site "Chess.com"]
[Date "2024.06.01"]
[Round "-"]
[White "RapidMaster109"]
[Black "GEMdzq"]
[Result "0-1"]
[WhiteElo "1141"]
[BlackElo "2290"]
[TimeControl "300"]
[EndTime "15:59:58 PDT"]
[Termination "GEMdzq won by resignation"]

1. e4 Nf6 2. Nc3 d6 3. d4 g6 4. Bd3 Bg7 5. Be3 O-O 6. Nf3 Nfd7 7. O-O c5 8. Ne2 Nc6 9. c3 b6 10. Bb5 Bb7 11. d5 Nce5 12. Nxe5 Nxe5 13. f4 Ng4 14. Bf2 Nxf2 15. Rxf2 a6 16. Bd3 b5 17. c4 e6 18.
b3 Bxa1 0-1

[Event "Live Chess"]
[Site "Chess.com"]
[Date "2024.06.02"]
[Round "-"]
[White "vincents82"]
[Black "koekoekoe"]
[Result "1-0"]
[WhiteElo "2046"]
[BlackElo "1966"]
[TimeControl "300"]
[EndTime "16:00:17 PDT"]
[Termination "vincents82 won by resignation"]

1. e4 d5 2. exd5 Qxd5 3. Nc3 Qa5 4. d4 Nf6 5. Bc4 Bg4 6. Ne2 e6 7. Bd2 c6 8. Nd5 Qd8 9. Nxf6+ Qxf6 10. c3 Nd7 11. f3 Bh5 12. Qb3 Nb6 13. Bd3 Bd6 14.
Ng3 Bxg3+ 15. hxg3 Bg6 16. Bxg6 Qxg6 17. O-O-O Qxg3 18. c4 O-O-O 19. Bc3 Qxg2 20. Rhg1 Qxf3 21. Rxg7 Rdg8 22.
Rxg8+ Rxg8 23. Ba5 Qxb3 24. axb3 h5 25. Bxb6 axb6 26.
Rh1 Rh8 27. Kd2 Kd7 28. Ke3 f6 29. Kf4 Kd6 30. Rh4 b5 31. Ke4 bxc4 32. bxc4 b5 33.
b3 bxc4 34. bxc4 f5+ 35. Kf4 c5 36. dxc5+ Kxc5 37. Ke5 Rh6 38. Kf4 Kxc4 39. Kg5+ Kd3 40. Kxh6 Ke3 41. Kxh5 f4 42. Kg4 e5 43. Rh3+ Kd4 44.
Kf3 Kd3 45. Rh5 Kd4 46. Rg5 Kd5 47. Rg1 Ke6 48. Ke4 Kf6 49. Rg2 Ke6 50. Rg6+ Kf7 51.
Rg5 Kf6 52. Rf5+ Ke6 53. Rxe5+ 1-0

[Event "Live Chess"]
[Site "Chess.com"]
[Date "2024.06.02"]
[Round "-"]
[White "WelshTiger"]
[Black "Queensandpawns"]
[Result "1-0"]
[WhiteElo "2483"]
[BlackElo "2317"]
[TimeControl "300"]
[EndTime "16:00:21 PDT"]
[Termination "WelshTiger won by resignation"]

1. e4 e5 2. Nf3 Nf6 3. Nc3 Nc6 4. d4 exd4 5. Nxd4 Bb4 6. Nxc6 bxc6 7. Bd3 d5 8. exd5 cxd5 9. O-O O-O 10. h3 Be6 11. Qf3 Qd7 12. Bg5 Be7 13. Rad1 h6 14. Bf4 Rab8 15.
b3 Bd6 16. Ne2 Qc6 17. c4 Bxf4 18. Nxf4 Qd6 19. cxd5 Bd7 20. Bc4 Rb4 21. Nd3 Rb6 22. Qf4 Qa3 23. Qxc7 Rc8 24. Qf4 Qxa2 25. Ne5 Qa3 26.
Nxd7 Nxd7 27. d6 Rcc6 28. Qxf7+ 1-0

[Event "Live Chess"]
[Site "Chess.com"]
[Date "2024.06.02"]
[Round "-"]
[White "degringolade64"]
[Black "cymbalshift"]
[Result "0-1"]
[WhiteElo "2121"]
[BlackElo "1693"]
[TimeControl "300"]
[EndTime "16:00:23 PDT"]
[Termination "cymbalshift won by resignation"]

1. e4 e5 2. Nf3 Nc6 3. Bc4 Bc5 4. b4 Bxb4 5. c3 Be7 6. d4 Na5 7. Be2 Nf6 8. dxe5 Nxe4 9. Qa4 Nxf2 10. Kxf2 Bc5+ 11. Be3 Bxe3+ 12. Kxe3 c6 13. Rd1 O-O 14. Kf2 Qb6+ 15. Qd4 c5 16. Qg4 d5 17. exd6 Bxg4 18. Nbd2 Qxd6 19. Ne4 Qg6 20. Bd3 c4 21. Bc2 Qb6+ 22.
Kf1 Bxf3 23. gxf3 Rad8 24. Ng5 Qe3 25. Bxh7+ Kh8 26. Rxd8 Rxd8 27. Nxf7+ Kxh7 28. Nxd8 Qxf3+ 29. Ke1 Qxc3+ 0-1

[Event "Live Chess"]
[Site "Chess.com"]
[Date "2024.06.02"]
[Round "-"]
[White "dmitro74"]
[Black "TigerTank70"]
[Result "0-1"]
[WhiteElo "1648"]
[BlackElo "2238"]
[TimeControl "300"]
[EndTime "16:00:35 PDT"]
[Termination "TigerTank70 won on time"]

1. d4 d5 2. c4 e5 3. dxe5 d4 4. Nf3 Nc6 5. e3 Bb4+ 6. Bd2 dxe3 7. fxe3 Bg4 8. Bxb4 Qxd1+ 9. Kxd1 Nxb4 10. a3 O-O-O+ 11. Nd2 Nc6 12. Kc2 Nge7 13. Bd3 Ng6 14. h3 Bxf3 15.
Nxf3 Ngxe5 16. Be2 Rhe8 17. Rad1 Nxf3 18. Bxf3 Rxe3 19. Rxd8+ Nxd8 20. Rd1 Ne6 21. Bg4 c6 22. Rd2 Kc7 23. Rf2 f6 24. Kd2 Re5 25. b4 Ng5 26. Kd3 b6 27. h4 Ne4 28. Re2 Nd6 29. Rxe5 fxe5 30. c5 bxc5 31. bxc5 Nb7 32. Ke4 Nxc5+ 33.
Kxe5 a5 34. Bf5 h6 35. Bc2 Kd7 36. Bf5+ Ke7 37. Bc2 Nd7+ 38. Kf5 c5 39. g4 Nb6 40. a4 c4 41. Ke5 Kd7 42. Be4 Nxa4 43. Kd4 Nb6 44.
Kc5 Kc7 45. g5 hxg5 46. hxg5 a4 47. Kb5 a3 48. Bb1 c3 49. Kb4 c2 50. Bxc2 a2 51. Bb3 a1=Q 52. g6 Qb1 0-1

[Event "Live Chess"]
[Site "Chess.com"]
[Date "2024.06.02"]
[Round "-"]
[White "NottheBishopSacrifice"]
[Black "Dhaydon19"]
[Result "1/2-1/2"]
[WhiteElo "2308"]
[BlackElo "2673"]
[TimeControl "300"]
[EndTime "16:00:58 PDT"]
[Termination "Game drawn - insufficient material"]

1. d4 c6 2. c4 d5 3. cxd5 cxd5 4.
Bf4 Nf6 5. e3 Nc6 6. Nc3 a6 7.
Be2 e6 8. Nf3 Bd6 9. Bxd6 Qxd6 10. O-O O-O 11. Rc1 Bd7 12. a3 Rac8 13. b4 e5 14. dxe5 Nxe5 15. Nxe5 Qxe5 16. Qd4 Qxd4 17. exd4 Rfe8 18. Bf3 Be6 19. Na4 Rxc1 20. Rxc1 Rc8 21.
Rxc8+ Bxc8 22. Nb6 Be6 23. Kf1 Kf8 24. Ke2 Ke7 25. Na4 Kd6 26. Nc5 Bc8 27. Nd3 b6 28.
Ne5 Be6 29. Kd3 g5 30. Bd1 Ne4 31. Ke3 f6 32. Nf3 Nc3 33. Bb3 Nb5 34. a4 Nc3 35. Kd3 Ne4 36. Ke3 Bd7 37. Nd2 f5 38.
g3 f4+ 39. gxf4 gxf4+ 40. Ke2 Bg4+ 41. Ke1 Ng5 42. Bc2 h5 43. Bd3 a5 44. bxa5 bxa5 45.
Be2 Bd7 46. Nb3 f3 47. Bd3 Bxa4 48. Nxa5 Kc7 49. h4 Ne6 50. Bg6 Nf4 51. Bf7 Nd3+ 52. Kd2 Nxf2 53. Ke3 Ng4+ 54. Kxf3 Nf6 55. Kf4 Kb6 56.
Kf5 Ng4 57. Bxd5 Kxa5 58. Kg5 Kb4 59. Bf7 Kc3 60. Bxh5 Ne3 61. Bg6 Kxd4 62. h5 Bb3 63. h6 Bg8 64. Bf7 Bh7 65. Bg6 Bg8 66. h7 Bxh7 67. Bxh7 1/2-1/2

[Event "Live Chess"]
[Site "Chess.com"]
[Date "2024.06.02"]
[Round "-"]
[White "NeilDruggan73"]
[Black "JanMur7"]
[Result "0-1"]
[WhiteElo "1748"]
[BlackElo "2308"]
[TimeControl "300"]
[EndTime "16:00:59 PDT"]
[Termination "JanMur7 won by resignation"]

1. d4 Nf6 2. Bg5 d5 3. Bxf6 exf6 4. e3 c5 5. c3 Nc6 6. g3 Bf5 7. Bg2 cxd4 8. cxd4 Nb4 9. Qa4+ Qd7 10. Qxd7+ Kxd7 11. Na3 Nd3+ 12. Ke2 Nxb2 13. e4 Bxa3 14. exf5 Rhe8+ 15. Kf1 Kd6 16. f4 Nc4 17. Kf2 Bb2 18. Rd1 Ne3 19. Rd2 Bc3 20. Rd3 Nxg2 21. Rxc3 Ne1 22. Ne2 Re4 23. Rxe1 Rae8 24. Rcc1 b5 25. Rc5 Rxd4 26.
Nxd4 Rxe1 27. Rxb5 Rd1 28. Nb3 Rh1 29. h4 Rh2+ 30.
Kf3 Rxa2 31. Rb7 Ra3 32. Kg4 a5 33. Nd4 Rd3 34. Nb3 a4 35. Nc1 Rc3 36. Ne2 Rc4 37. Ra7 d4 38. Ra8 d3 39. Rd8+ Kc5 40. Rxd3 Kb4 41.
Nd4 a3 42. Nb5 a2 43. Ra3 Rc2 44. Nd4 Kxa3 45. Nxc2+ Kb2 46. Ne3 a1=Q 0-1

[Event "Live Chess"]
[Site "Chess.com"]
[Date "2024.06.02"]
[Round "-"]
[White "GrahamCuthbert"]
[Black "CCGoodKnightRookie"]
[Result "0-1"]
[WhiteElo "1031"]
[BlackElo "2310"]
[TimeControl "300"]
[EndTime "16:01:03 PDT"]
[Termination "CCGoodKnightRookie won by resignation"]

1. d4 Nf6 2. Bf4 e6 3. Nf3 d5 4. e3 c5 5. c3 Qb6 6. Qb3 c4 7. Qxb6 axb6 8. a3 b5 9. Nbd2 b4 10. cxb4 Bxb4 11. Bxb8 Bxd2+ 12. Nxd2 Rxb8 13. Be2 b5 14. O-O O-O 15. Rfc1 Bd7 16. b3 Rfc8 17. bxc4 bxc4 18.
Nb1 Ne4 19. Nc3 Nxc3 20. Rxc3 Rb2 21. Kf1 Rcb8 22. Rcc1 Ba4 23. f3 Kf8 24. e4 Ke7 25. exd5 exd5 26. g3 Kd6 27. f4 Re8 28. Re1 c3 29. Rac1 Rbxe2 30. Rxe2 Bb5 31. Rc2 Rxe2 32. Rxe2 c2 0-1

[Event "Live Chess"]
[Site "Chess.com"]
[Date "2024.06.02"]
[Round "-"]
[White "raclement"]
[Black "DoctorMantisTobogganMD"]
[Result "0-1"]
[WhiteElo "1729"]
[BlackElo "2178"]
[TimeControl "300"]
[EndTime "16:01:04 PDT"]
[Termination "DoctorMantisTobogganMD won by resignation"]

1. Nf3 c6 2. g3 g6 3. Bg2 d5 4. O-O Bg7 5. d4 Nf6 6. c3 O-O 7. Nbd2 Bg4 8. Re1 Bxf3 9. Bxf3 Nbd7 10. e4 dxe4 11. Nxe4 Nxe4 12. Bxe4 e5 13. dxe5 Nxe5 14. Qb3 Qb6 15. Be3 Qxb3 16. axb3 a6 17. Rad1 Rad8 18. f4 Ng4 19. Bb6 Rxd1 20. Rxd1 Re8 21. Bf3 Nf6 22.
Rd2 h5 23. Kg2 Bf8 24. Bd4 Ng4 25. Bxg4 hxg4 26. Bf6 Be7 27. Bxe7 Rxe7 28. Kf2 Kg7 29. Rd4 Kf6 30. b4 Kf5 31. Rd3 Kf6 32. Re3 Rd7 33.
Ke2 Rd8 34. Re5 Rh8 35. Kd3 Rxh2 36. Rg5 Rxb2 37. Rxg4 Rf2 38. Rg5 Kg7 39. Re5 Rf3+ 40. Kd4 Kf6 41. Re3 Rxe3 42. Kxe3 Kf5 43. Kf3 Ke6 44.
g4 f5 45. g5 Kd5 46. Ke3 Kc4 47. Kd2 c5 48. bxc5 Kxc5 49. Kd3 b5 50. Kc2 Kc4 51.
Kb2 a5 52. Kc2 b4 53. cxb4 axb4 54. Kb2 b3 55. Kc1 Kc3 56. Kb1 b2 0-1

[Event "Live Chess"]
[Site "Chess.com"]
[Date "2024.06.02"]
[Round "-"]
[White "toog"]
[Black "ShanthamGrarks"]
[Result "1-0"]
[WhiteElo "2600"]
[BlackElo "1786"]
[TimeControl "300"]
[EndTime "16:01:08 PDT"]
[Termination "toog won by resignation"]

1. Nf3 b6 2. e4 Nc6 3. Nc3 Bb7 4. d4 e6 5. d5 exd5 6. exd5 Nb4 7. a3 Na6 8. Bc4 d6 9. O-O Nc5 10. Bb5+ Nd7 11. Nd4 Qf6 12. Qg4 O-O-O 13. Bg5 Qg6 14.
Bd3 f5 15. Bxf5 Qf7 16. Nc6 Bxc6 17. dxc6 Nf6 18. Bxf6 gxf6 19. Bxd7+ Kb8 20. Qa4 Rg8 21. Qa6 Rxg2+ 22. Kxg2 1-0

[Event "Live Chess"]
[Site "Chess.com"]
[Date "2024.06.02"]
[Round "-"]
[White "AlexanderMatlak"]
[Black "wadsy27"]
[Result "0-1"]
[WhiteElo "2396"]
[BlackElo "2569"]
[TimeControl "300"]
[EndTime "16:01:20 PDT"]
[Termination "wadsy27 won by resignation"]

1. c4 e5 2. Nc3 Nf6 3. Nf3 e4 4. Ng5 c6 5. Ngxe4 Nxe4 6. Nxe4 d5 7. cxd5 cxd5 8. Ng3 h5 9. e3 h4 10. Ne2 Nc6 11.
d4 Bd6 12. Nc3 h3 13. gxh3 Bxh3 14. Bxh3 Rxh3 15. Qg4 Qh4 16. Qxh4 Rxh4 17. Nxd5 O-O-O 18. Bd2 Bxh2 19. Nc3 Nb4 20. Ke2 Rdh8 21. Rac1 Kd7 22. Nb5 Nc6 23. d5 Ne7 24. Rc7+ Bxc7 25. Rxh4 Rxh4 0-1

[Event "Live Chess"]
[Site "Chess.com"]
[Date "2024.06.02"]
[Round "-"]
[White "Yegorych"]
[Black "MagnersCarlsberg2870"]
[Result "0-1"]
[WhiteElo "1553"]
[BlackElo "1766"]
[TimeControl "300"]
[EndTime "16:01:39 PDT"]
[Termination "MagnersCarlsberg2870 won by resignation"]

1. d4 Nf6 2. Nc3 e6 3. e4 Bb4 4. Bd3 Bxc3+ 5. bxc3 c5 6. Ba3 b6 7. dxc5 bxc5 8. Bxc5 d6 9. Bb5+ Bd7 10. Bxd7+ Nbxd7 11. Qxd6 Nxe4 12. Qg3 Nxg3 0-1

[Event "Live Chess"]
[Site "Chess.com"]
[Date "2024.06.02"]
[Round "-"]
[White "Queensandpawns"]
[Black "vincents82"]
[Result "1-0"]
[WhiteElo "2320"]
[BlackElo "2042"]
[TimeControl "300"]
[EndTime "16:02:15 PDT"]
[Termination "Queensandpawns won by checkmate"]

1. e4 d5 2. Nc3 dxe4 3. Nxe4 Nd7 4. Nf3 Ngf6 5. Neg5 h6 6. Nxf7 Kxf7 7. d4 g6 8. Bd3 Nb6 9. Ne5+ Kg7 10. Nxg6 Rg8 11.
Qd2 Qd5 12. Qxh6+ Kf7 13. Nxf8 Rxf8 14. Bg6+ Ke6 15. Qxf8 Qxd4 16. Be3 Qb4+ 17. c3 Qxb2 18. Rd1 Qxc3+ 19. Kf1 Bd7 20. Qf7+ Ke5 21. f4# 1-0

[Event "Live Chess"]
[Site "Chess.com"]
[Date "2024.06.02"]
[Round "-"]
[White "McFim"]
[Black "ACM42"]
[Result "0-1"]
[WhiteElo "1638"]
[BlackElo "2155"]
[TimeControl "300"]
[EndTime "16:02:49 PDT"]
[Termination "ACM42 won on time"]

1. e4 e6 2. d4 d5 3. e5 c5 4.
c3 Nc6 5. Nf3 Qb6 6. Be2 Bd7 7.
O-O f6 8. a3 a5 9. exf6 Nxf6 10. Re1 Bd6 11. Nbd2 cxd4 12. Nxd4 Nxd4 13. cxd4 Qxd4 14.
Nf3 Qb6 15. Be3 Qd8 16. h3 O-O 17. Ng5 e5 18. Nf3 Bc6 19. Rc1 Qd7 20. Bc5 Rae8 21. b4 axb4 22. axb4 Ne4 23. Bxd6 Nxd6 24. Ng5 h6 25. Bg4 Qe7 26. Nf3 Qf6 27. Re2 Nb5 28. Qe1 e4 29. Nh2 Nc3 30. Qxc3 d4 31. Qc4+ Kh8 32.
f3 e3 33. Rd1 Rd8 34. f4 Qxf4 35. Bf3 Ba4 36. Rc1 d3 37. Qxf4 Rxf4 38. Rxe3 d2 39. Ra1 d1=Q+ 40. Bxd1 Bxd1 41. Nf3 Bxf3 42. Rxf3 Rxb4 43.
Raf1 Rd7 44. Rf8+ Kh7 45. Rb8 Rb2 0-1